 Dungeon Crawl Stone Soup version 0.26-b1-32-g5d43845318 (webtiles) character file.

Game seed: 18030943325771525271

29 MisterFreud the Chiller (level 3, 0/24 HPs)
             Began as a Demonspawn Ice Elementalist on Jan 12, 2021.
             Succumbed to an adder's poison
             ... on level 2 of the Dungeon.
             The game lasted 00:01:38 (1069 turns).

MisterFreud the Chiller (DsIE)                      Turns: 1069, Time: 00:01:39

Health: 0/24       AC:  4    Str:  8    XL:     3   Next: 1%
Magic:  2/6        EV: 12    Int: 17    God:
Gold:   22         SH:  0    Dex: 13    Spells: 5/6 levels left

rFire    . . .     SeeInvis .   (no weapon)
rCold    . . .     Faith    .   (no shield)
rNeg     . . .     Spirit   .   a - +0 robe
rPois    .         Reflect  .   (no helmet)
rElec    .         Harm     .   (no cloak)
rCorr    .         Rampage  .   (no gloves)
Will     .....     Rnd*Tele +   (no boots)
Stlth    ++........             (no amulet)
HPRegen  0.08/turn              d - ring of teleportation (curse)
MPRegen  0.10/turn              (no ring)

@: brilliant, lethally poisoned (0 -> -9)
A: iridescent scales 1, powered by pain 1
a: no special abilities


You were on level 2 of the Dungeon.
You visited 1 branch of the dungeon, and saw 2 of its levels.

You collected 22 gold pieces.

Inventory:

Armour
 a - a +0 robe (worn)
Jewellery
 d - a cursed ring of teleportation (left hand)
Scrolls
 b - 2 scrolls of remove curse
 c - 2 scrolls of teleportation {unknown}
 f - 2 scrolls of identify
 g - a scroll of fear {unknown}
Potions
 e - a potion of brilliance


   Skills:
 - Level 1.7 Dodging
 - Level 1.7 Stealth
 - Level 2.0 Spellcasting
 + Level 4.5 Ice Magic


You had 5 spell levels left.
You knew the following spells:

 Your Spells              Type           Power        Failure   Level
a - Freeze                Ice            100%         3%          1

Your spell library contained the following spells:

 Spells                   Type           Power        Failure   Level
 Frozen Ramparts          Ice            50%          9%          3
 Ozocubu's Armour         Ice            25%          9%          3
 Hailstorm                Conj/Ice       14%          58%         4
 Summon Ice Beast         Ice/Summ       14%          58%         4


Dungeon Overview and Level Annotations

Branches:
Dungeon (2/15)

Altars:


Innate Abilities, Weirdness & Mutations

You are partially covered in iridescent scales. (AC +2)
You sometimes gain a little power by taking damage.


Message History

You feel sick.
Unknown command.
A dart slug comes into view.
* * * LOW HITPOINT WARNING * * *
You feel sick.
You see here an adder corpse.
* * * LOW HITPOINT WARNING * * *
You feel sick.
* * * LOW HITPOINT WARNING * * *
You feel sick.
* * * LOW HITPOINT WARNING * * *
You feel sick.
* * * LOW HITPOINT WARNING * * *
You feel sick.
As you read the scroll labelled ONWYPP KENOBU, it crumbles to dust.
It is a scroll of identify.
b - 2 scrolls of remove curse
* * * LOW HITPOINT WARNING * * *
You feel sick.
You die...

#..## ##.#.####
#.#.###.........
#.##...###.#####
#†####### .#
##.#####........
.
...........w...#
##
#..#####.#####.#
#.# #@# #.# #..
..## ###


There were no monsters in sight!

Vanquished Creatures
  An adder (D:2)
  A giant cockroach (D:1)
  A goblin (D:1)
  4 hobgoblins (D:1)
  5 kobolds
  A bat (D:1)
  4 frilled lizards
  2 rats (D:1)
19 creatures vanquished.

Notes
Turn   | Place    | Note
-------+----------+-------------------------------------------
     0 | D:1      | MisterFreud the Demonspawn Ice Elementalist began the quest
                  | for the Orb.
     0 | D:1      | Reached XP level 1. HP: 13/13 MP: 3/3
   473 | D:1      | Reached skill level 4 in Ice Magic
   479 | D:1      | Gained mutation: You sometimes gain a little power by
                  | taking damage. [demonic ancestry]
   479 | D:1      | Reached XP level 2. HP: 16/19 MP: 0/5
  1062 | D:2      | Gained mutation: You are partially covered in iridescent
                  | scales. (AC +2) [demonic ancestry]
  1062 | D:2      | Reached XP level 3. HP: 8/24 MP: 1/6
  1068 | D:2      | HP: 1/24 [poisoned by an adder]
  1069 | D:2      | Succumbed to an adder's poison

Illustrated notes

Levels and vault maps discovered:
D:1:      dpeg_arrival_houses_and_road, layout_loops_ring,
          chequers_serial_rivers_small_3
D:2:      layout_loops_ring, lemuel_doored_altar, serial_glass, glass_columns_b,
          glass_columns_a, minmay_misc_feat_more_columns, minmay_tall_x,
          uniq_crazy_yiuf_cottage, uniq_terence, uniq_natasha

Skill      XL: |  1 |
---------------+----+-----
Ice Magic      | 4 |  4.5
Dodging        | |  1.7
Stealth        | |  1.7
Spellcasting   | |  2.0

Action                   || total
-------------------------++-------
Melee: Unarmed           ||    15
 Cast: Freeze            ||    29
  Use: Scroll            ||     1
       Potion            ||     1
Armor: Robe              ||     5
Dodge: Dodged            ||    17
